 Dungeon Crawl Stone Soup version 0.27-a0-1189-gb8eb6cee8e (webtiles) character file.

Game seed: 3788787101564672063

5 spiderkeys the Skirmisher (level 1, -4/18 HPs)
             Began as a Formicid Abyssal Knight on May 23, 2021.
             Was a Follower of Lugonu.
             Slain by an ancient zyme (8 damage)
             ... on level 1 of the Abyss.
             The game lasted 00:01:13 (290 turns).

spiderkeys the Skirmisher (Formicid Abyssal Knight)  Turns: 290, Time: 00:01:14

Health: -4/18      AC:  3    Str: 16    XL:     1   Next: 88%
Magic:  2/2        EV: 11    Int: 11    God:    Lugonu [*.....]
Gold:   0          SH:  0    Dex: 10    Spells: 0/0 levels left

rFire    . . .     SeeInvis +   a - +1 spear
rCold    . . .     Faith    .   (no shield)
rNeg     . . .     Spirit   .   b - +0 leather armour
rPois    .         Reflect  .   (helmet unavailable)
rElec    .         Harm     .   (no cloak)
rCorr    .         Rampage  .   (no gloves)
Will     .....                  (no boots)
Stlth    ..........             (no amulet)
HPRegen  0.06/turn              (no ring)
MPRegen  0.08/turn              (no ring)

@: confused
A: permanent stasis, dig shafts and tunnels, antennae 3, four strong arms
a: Dig, Shaft Self, Renounce Religion, Depart the Abyss


You were on level 1 of the Abyss.
You worshipped Lugonu.
Lugonu was aware of your devotion.
You visited 0 branches of the dungeon, and saw 0 of its levels.
You visited the Abyss 1 time.


Innate Abilities, Weirdness & Mutations

You cannot be hasted, slowed, berserked, paralysed or teleported.
You can dig through walls and to a lower floor.
You have a pair of large antennae on your head. (SInv)
Your four strong arms can wield two-handed weapons with a shield.


   Skills:
 + Level 3.3 Fighting
 + Level 2.1 Polearms
 + Level 2.3 Armour
 + Level 1.0 Dodging
 + Level 2.3 Invocations


You couldn't memorise any spells.
You didn't know any spells.
Your spell library was empty.

Inventory:

Hand Weapons
 a - a +1 spear (weapon)
Armour
 b - a +0 leather armour (worn)
Magical Staves
 c - a staff of earth {!a}
   (You found it on level 1 of the Abyss)
Potions
 d - a potion of attraction {unknown}
 e - a potion of curing {unknown}

Dungeon Overview and Level Annotations

Branches:
Dungeon (0/15)

Altars:

.##.#.#.# .#...
...#............
# ..#.... ......
#..#............
..#............
#.#..#...##......
.#.#.#...##......
# . #..Gx.......
# #..@........
#...........
#...........
#......*....
#............
#.#...##......
##....# ..3...
.#.... ......
#..... ....


You could see a great orb of eyes, an ancient zyme, a neqoxec and a lurking
horror.


Message History

d - a scroll labelled CEEJ UKHADGH
As you read the scroll labelled CEEJ UKHADGH, it crumbles to dust.
You hear a loud clanging noise!
It was a scroll of noise.
d - a dark potion
e - a ruby potion A flying skull comes into view.
The flying skull gives a hideous shriek!
You see here a scroll labelled XIAMETR ELUHIJ.
f - a scroll labelled XIAMETR ELUHIJ
As you read the scroll labelled XIAMETR ELUHIJ, it crumbles to dust.
You feel a strange sense of stasis.
It was a scroll of teleportation.
The flying skull hits you. 😕 HP[-2]
You take 2 damage, and now have 16/18 hp. 😕 HP[+1]
You extend your mandibles.
You dig through the rock wall.
You can't dig through that.
Found a corrupted altar of Lugonu.
You extend your mandibles.
You dig through the rock wall.
You retract your mandibles. 😎 HP[+1]
Your hp is fully restored (18).
You extend your mandibles.
You dig through the rock wall.
You dig through the rock wall.
You retract your mandibles.
A small abomination comes into view.
You extend your mandibles.
You dig through the rock wall.
You retract your mandibles.
An ufetubus comes into view.
You hit the ufetubus. The ufetubus barely misses you. The ufetubus hits you. x2
The ufetubus hits you but does no damage. 😕 HP[-2]
You take 2 damage, and now have 16/18 hp.
You miss the ufetubus. The ufetubus barely misses you. x2
You miss the ufetubus. The ufetubus misses you. The ufetubus hits you.
The ufetubus hits you but does no damage.
The ufetubus hits you.
* * * LOW HITPOINT WARNING * * *
😨 HP[-7]
You take 7 damage, and now have 9/18 hp.
MASSIVE DAMAGE!! (PAUSE)
You miss the ufetubus. The ufetubus misses you. x2
You hit the ufetubus. The ufetubus hits you.
* * * LOW HITPOINT WARNING * * *
The ufetubus closely misses you.
The ufetubus hits you but does no damage.
The ufetubus closely misses you. 😨 HP[-3]
You take 3 damage, and now have 6/18 hp.
You hit the ufetubus.
You kill the ufetubus!
Your Dodging skill increases to level 1!
You start resting.
A large abomination comes into view. 😮 HP[+6]
You regained 6 hp, and now have 12/18 hp.
You are too injured to fight recklessly!
You extend your mandibles.
You dig through the rock wall.
You dig through the rock wall.
You retract your mandibles.
You extend your mandibles.
You dig through the rock wall.
You dig through the rock wall.
You hear a chilling moan. 😮 HP[+1]
You dig through the rock wall.
You retract your mandibles.
You extend your mandibles.
You dig through the rock wall.
You retract your mandibles. 😕 HP[+1]
A lurking horror comes into view.
The great orb of eyes turns its gaze towards you.
You feel yourself growing ill in the presence of the ancient zyme.
The great orb of eyes gazes at you.
You are confused.
The ancient zyme hits you.
* * * LOW HITPOINT WARNING * * *
The ancient zyme misses you. 😨 HP[-5]
You take 5 damage, and now have 9/18 hp.
MASSIVE DAMAGE!! (PAUSE) You're too confused to move!
The ancient zyme barely misses you. The ancient zyme misses you.
A neqoxec comes into view.
The neqoxec shouts!
You hit the ancient zyme but do no damage.
The great orb of eyes bites you.
* * * LOW HITPOINT WARNING * * *
The ancient zyme hits you.
* * * LOW HITPOINT WARNING * * *
The ancient zyme hits you!
You die...

Skill      XL: |  1 |
---------------+----+-----
Dodging        | 1 |  1.0
Fighting       | |  3.3
Polearms       | |  2.1
Armour         | |  2.3
Invocations    | |  2.3

Action                   || total
-------------------------++-------
Melee: Spear             ||     7
 Abil: Dig               ||     7
  Use: Scroll            ||     2
Armor: Leather armour    ||     3
Dodge: Dodged            ||    11

Levels and vault maps discovered:
Abyss:1:  base: Temple, base: Temple, evilmike_abyss_exit_16,
          hangedman_abyss_batty_box

Notes
Turn   | Place    | Note
-------+----------+-------------------------------------------
     0 | Abyss:1  | spiderkeys the Formicid Abyssal Knight began the quest for
                  | the Orb.
     0 | Abyss:1  | Reached XP level 1. HP: 18/18 MP: 2/2
     0 | Abyss:1  | magus.rc [v1.9.10]
   106 | Abyss:1  | Noticed a flying skull
   121 | Abyss:1  | Found a corrupted altar of Lugonu.
   139 | Abyss:1  | Noticed a small abomination
   156 | Abyss:1  | Reached skill level 1 in Dodging
   249 | Abyss:1  | Noticed a large abomination
   283 | Abyss:1  | Noticed an ancient zyme
   283 | Abyss:1  | Noticed a great orb of eyes
   289 | Abyss:1  | Noticed a neqoxec
   290 | Abyss:1  | HP: 4/18 [ancient zyme (4)]
   290 | Abyss:1  | Slain by an ancient zyme

Vanquished Creatures
  An ufetubus (Abyss:1)
1 creature vanquished.

Table legend:
 A = Non-vault XP
 B = Vault XP
 C = Vault XP percentage of total XP
 D = Non-vault monster count
 E = Vault monster count
 F = Vault count percentage of total count
                 A         B        C        D         E       F
            +---------+---------+-------+---------+---------+-------
      Total |       8 |       0 |   0.0 |       1 |       0 |   0.0
            +---------+---------+-------+---------+---------+-------
    Abyss:1 |       8 |       0 |   0.0 |       1 |       0 |   0.0
            +---------+---------+-------+---------+---------+-------

Illustrated notes

Table legend:
 A = Kills in this place as a percentage of kills in entire the game.
 B = Kills by you in this place as a percentage of kills by you in the entire game.
 C = Kills by friends in this place as a percentage of kills by friends in the entire game.
 D = Other kills in this place as a percentage of other kills in the entire game.
 E = Experience gained in this place as a percentage of experience gained in the entire game.
 F = Experience gained in this place divided by the number of levels of this place that you have seen.
                   A       B       C       D       E      F
               +-------+-------+-------+-------+-------+----------------------
         Total | 100.0 | 100.0 |   N/A |   N/A | 100.0 |   8.0
         Abyss | 100.0 | 100.0 |   N/A |   N/A | 100.0 |   8.0
               +-------+-------+-------+-------+-------+----------------------

Table legend: (Time is in decaauts)
 A = Elapsed time spent in this place.
 B = Non-inter-level travel time spent in this place.
 C = Inter-level travel time spent in this place.
 D = Time resting spent in this place.
 E = Time spent auto-exploring this place.
 F = Levels seen in this place.
 G = Mean time per level.
                   A        B        C        D        E       F      G
               +--------+--------+--------+--------+--------+-----+--------+
         Total |    292 |    292 |      0 |     93 |      0 |   1 |  292.0 |
         Abyss |    292 |    292 |      0 |     93 |      0 |   1 |  292.0 |
               +--------+--------+--------+--------+--------+-----+--------+

Top non-repeatable levels by time:
 Abyss:1: 292 daAuts
